AoeStats
← net_o_fists

MegaRandom

504939909Analyzed
1v1 RM · 26d ago on Sep 7, 2026· 55m 19s· 2 players
Game mode
Random Map
Map size
Tiny (2 player)
Population
200
Speed
Normal
Resources
Standard
Victory
Conquest
Starting age
Dark Age
Ending age
Imperial Age
RankedLock teamsTeams togetherTeam positionsShared explorationLock speedFull tech treeHidden civsTurbo modeCheats
Victory
Defeat
🇷🇺 Teutons · Russia
635
+15
🇦🇺 Chinese · Australia
620
-32
net_o_fists
4:17 Loom
17:42 Feudal Age
19:06 Wheelbarrow
18:17 Horse Collar
18:28 Double-Bit Axe
20:58 Bloodlines
25:20 Castle Age
26:05 Heavy Plow
26:20 Bow Saw
27:18 Husbandry
27:34 Scale Barding Armor
27:49 Gold Mining
29:14 Hand Cart
29:53 Murder Holes
31:01 Ballistics
32:10 Masonry
36:07 Gold Shaft Mining
35:28 Town Watch
36:02 Forging
36:16 Chain Barding Armor
37:41 Iron Casting
36:56 Fletching
37:16 Town Patrol
39:25 Bodkin Arrow
41:32 Stone Mining
45:23 Imperial Age
46:37 Fervor
46:29 Devotion
46:37 Thumb Ring
45:58 Elite Skirmisher
47:50 Two-Man Saw
47:14 Conscription
46:59 Bracer
48:00 Blast Furnace
47:36 Plate Barding Armor
48:44 Sappers
50:09 Cavalier
50:56 Padded Archer Armor
53:00 Leather Archer Armor
Менеджер
16:11 Feudal Age
18:09 Wheelbarrow
17:17 Horse Collar
17:26 Double-Bit Axe
21:58 Castle Age
22:57 Hand Cart
22:55 Bow Saw
22:47 Heavy Plow
36:45 Imperial Age
37:07 Stone Mining
37:26 Gold Mining
39:29 Two-Man Saw
39:08 Conscription
39:09 Ironclad
39:31 Forging
39:12 Fletching
40:49 Ballistics
41:29 Chemistry
41:07 Scale Mail Armor
41:12 Scale Barding Armor
43:35 Elite Teutonic Knight
45:34 Arrowslits
46:13 Chain Mail Armor
46:34 Iron Casting
48:12 Plate Mail Armor
50:57 Blast Furnace
53:00 Crop Rotation
Connection lost

Rejoining the realm…

Still unreachable

The connection could not be restored.

Session expired

The server has moved on; the page needs a fresh start.